 Dungeon Crawl Stone Soup version 0.18.1-6-gd335043 (webtiles) character file.

88278 deorigin the Champion of Chaos (level 15, -2/115 HPs)
             Began as a Demonspawn Gladiator on May 10, 2016.
             Was the Champion of Makhleb.
             Killed from afar by Roxanne (35 damage)
             ... with a crystal spear
             ... on level 14 of the Dungeon on May 16, 2016.
             The game lasted 01:56:42 (24049 turns).

deorigin the Champion of Chaos (DsGl)              Turns: 24049, Time: 01:56:43

Health: -2/115     AC: 31    Str: 15    XL:     15   Next: 46%
Magic:  27/27      EV: 14    Int: 16    God:    Makhleb [******]
Gold:   792        SH:  8    Dex: 23    Spells: 0 memorised, 14 levels left

rFire  . . .     SeeInvis +     y - +9 lajatang (vamp)
rCold  + . .     Gourm    .     r - +0 crystal plate armour
rNeg   + . .     Faith    .     (shield currently unavailable)
rPois  .         Spirit   .     d - +3 crown of Dyrovepreva {rElec Int+2 SInv}
rElec  +         Dismiss  .     C - +0 cloak
rCorr  .         Reflect  +     (no gloves)
SustAt .         Harm     .     (boots unavailable)
MR     ++...                    U - brooch of Shielding {Reflect SH+8}
Stlth  ..........               e - +5 ring of evasion
                                t - ring "Ilept" {rC+ rN+ MR+}

@: agile, hasted, very quick, very resistant to hostile enchantments, extremely
unstealthy
A: hooves 3, slimy green scales 2, clever 1, powered by death 3
a: Minor Destruction, Lesser Servant of Makhleb, Major Destruction, Greater
Servant of Makhleb, Renounce Religion


You were on level 14 of the Dungeon.
You worshipped Makhleb.
Makhleb was exalted by your worship.
You were not hungry.

You visited 4 branches of the dungeon, and saw 25 of its levels.
You also visited: Ice Cave.

You collected 3317 gold pieces.
You spent 2525 gold pieces at shops.

Inventory:

Hand Weapons
 y - a +9 vampiric lajatang (weapon)
 I - a +2 vampiric lajatang
 P - the +5 quarterstaff "Newtbane" {venom, rPois rC+ rN+}
   (You found it on level 7 of the Dungeon)

   It poisons the flesh of those it strikes.
   It protects you from cold.
   It protects you from poison.
   It protects you from negative energy.
Missiles
 E - 12 javelins (quivered)
 N - 2 throwing nets
Armour
 d - the +3 crown of Dyrovepreva (worn) {rElec Int+2 SInv}
   (You bought it in a shop on level 2 of the Orcish Mines)

   It affects your intelligence (+2).
   It insulates you from electricity.
   It lets you see invisible.
 j - a +0 plate armour
 p - a +1 scale mail of poison resistance
 r - a +0 crystal plate armour (worn)
 C - a +0 cloak (worn)
Jewellery
 a - an uncursed ring of positive energy
 b - a +5 ring of dexterity
 e - a +5 ring of evasion (right hand)
 k - an uncursed ring of stealth
 s - the amulet of Ompize Kunay {Harm *Drain +Inv Slay+5}
   (You found it on level 8 of the Lair of Beasts)

   [amulet of harm]

   It increases damage dealt and taken.
   It affects your accuracy and damage with ranged weapons and melee attacks
   (+5).
   It lets you turn invisible.
 t - the ring "Ilept" (left hand) {rC+ rN+ MR+}
   (You found it in an ice cave)

   [ring of protection from cold]

   It protects you from cold.
   It protects you from negative energy.
   It affects your resistance to hostile enchantments.
 u - an uncursed ring of poison resistance
 w - an uncursed ring of resist corrosion
 K - an uncursed amulet of guardian spirit
 L - an uncursed ring of protection from cold
 M - an uncursed ring of magical power
 S - a +3 ring of protection
 T - an uncursed ring of flight
 U - the brooch of Shielding (around neck) {Reflect SH+8}
   (You found it in an ice cave)

   [amulet of reflection]

   It shields you and reflects attacks.
   It affects your SH (+8).
Wands
 A - a wand of disintegration (20/24)
Scrolls
 c - 3 scrolls of enchant weapon
 g - a scroll of fog
 h - 11 scrolls of teleportation
 l - 4 scrolls of fear
 m - 7 scrolls of remove curse
 x - a scroll of acquirement
 G - 4 scrolls of magic mapping
 W - 2 scrolls of enchant armour
 Z - 5 scrolls of recharging
Potions
 v - a potion of ambrosia
 z - 2 potions of invisibility
 B - 3 potions of magic
 F - 11 potions of curing
 H - 2 potions of flight
 J - 2 potions of might
 V - 4 potions of heal wounds
 Y - 2 potions of resistance
Miscellaneous
 D - a phantom mirror
Comestibles
 f - 10 bread rations
 i - 15 meat rations
 o - 7 royal jellies
 q - 12 fruits
 R - 10 slices of pizza


   Skills:
 - Level 9.9 Fighting
 - Level 14.0 Staves
 - Level 1.7 Throwing
 + Level 14.8 Armour
 - Level 3.2 Dodging
 - Level 0.8 Stealth
 - Level 16.4 Invocations


You had 14 spell levels left.
You didn't know any spells.

Dungeon Overview and Level Annotations

Branches:
Dungeon (14/15)            Temple (1/1) D:6            Lair (8/8) D:8
  Swamp (0/4) Lair:4        Snake (0/4) Lair:5        Slime (0/6) Lair:8
    Orc (2/2) D:12            Elf (0/3) Orc:2        Vaults (0/5) D:14

Altars:
Ashenzari
Cheibriados
Dithmenos
Elyvilon
Fedhas
Gozag
Kikubaaqudgha
Makhleb
Nemelex Xobeh
Okawaru
Pakellas
Qazlal
Ru
Sif Muna
Trog
Vehumet
Xom
Yredelemnul
Zin
The Shining One
Beogh
Jiyva
Lugonu

Shops:
D:5 ?   D:9 *   D:12 !   Orc:2 ![(

Portals:
Bailey: D:14

Annotations:
D:11 Nergalle
D:14 exclusion: Roxanne, Roxanne
Lair:8 1 runed door


Innate Abilities, Weirdness & Mutations

You have hooves in place of feet.
You are mostly covered in slimy green scales (AC +3).
You regenerate a lot of health from kills.
Your mind is acute. (Int +2)


Message History

You hear the faint creaking of a portcullis nearby.
Roxanne casts a spell.
The orb of energy hits you!
The orb of energy explodes!
You slice Roxanne!!
Roxanne is heavily damaged.
The centaur shoots an arrow.
The arrow hits you.
* * * LOW HITPOINT WARNING * * *
Roxanne casts a spell.
The bolt of magma hits you!
* * * LOW HITPOINT WARNING * * *
Drink which item? (? for menu, Esc to quit)
You feel much better.
The centaur shoots an arrow.
The arrow closely misses you.
Drink which item? (? for menu, Esc to quit)
You feel yourself speed up.
The centaur shoots an arrow.
You reflect the arrow off an invisible shield around you!
The arrow hits the centaur.
Roxanne casts a spell.
The crystal spear hits you!
You die...

*,* #.#####* *,* #......*
*,* #....#.* *,* #....#.####
*,* #####....#....###### *,*
#.,......#..........
**,######.###$(.............
*,,........(....>..)......?.
*****####..@8(....)∩)..####.
#......#...)..#...+.
#..c.#.#......#.###.
#....#.#.####(#(#*#.
#....#.#.* #.#.#...
####.###,* #.#.#.##
*,...,*,* #.#.#<,, *,#(##*,*
#.#,*,** *,,_,,*,* *,*,*,**


You could see Roxanne and a centaur.

Vanquished Creatures
  Maud (D:11)
  3 orc warlords
  A stone giant (Orc:2)
  Josephine (D:11)
  Snorg (D:11)
  2 ice dragons (IceCv)
  2 hydras
  Erolcha (D:11)
  11 death yaks
  2 tengu warriors (D:12)
  An orc high priest (Orc:2)
  5 skeletal warriors (D:11)
  6 wizards
  3 hill giants
  2 orc knights (Orc:2)
  2 lindwurms (Lair:8)
  A griffon (Lair:5)
  A wolf spider (Lair:8)
  A hornet (Lair:8)
  A manticore (D:14)
  2 ugly things
  3 orc sorcerers
  2 cyclopes
  A guardian serpent (Lair:8)
  2 ice statues (IceCv)
  7 elephants (Lair:8)
  6 torpor snails (Lair:8)
  18 spiny frogs
  7 black mambas
  3 centaur skeletons
  2 gargoyles
  2 rime drakes
  3 kobold demonologists (D:12)
  8 komodo dragons
  A queen bee (D:13)
  6 polar bears
  8 trolls
  2 two-headed ogres
  Prince Ribbit (D:6)
  3 giant leeches (Lair:8)
  2 slime creatures (D:13)
  A boulder beetle (Lair:8)
  17 blink frogs
  5 wyverns (Lair:8)
  5 wraiths (D:11)
  6 yaks
  2 vampires
  A shadow (D:7)
  A steam dragon (Lair:2)
  A human (D:8)
  10 hippogriffs
  Grum (D:9)
  Menkaure (D:6)
  4 wargs (Orc:2)
  3 nagas (Lair:5)
  2 soldier ants (D:12)
  Duvessa (D:6)
  21 water moccasins
  11 porcupines
  48 orc warriors
  A sky beast (D:14)
  2 phantoms
  A black bear (D:10)
  27 ice beasts
  11 wasps
  3 necrophages (Lair:7)
  15 ogres
  4 centaurs
  20 wolves
  16 crocodiles
  2 big kobolds
  15 giant frogs
  Dowan (D:6)
  A water moccasin zombie (D:7)
  6 scorpions
  19 killer bees
  8 howler monkeys
  13 wights
  16 crimson imps
  A giant frog zombie (D:12)
  A giant frog skeleton (D:11)
  5 hounds
  A jelly (D:9)
  32 orc priests
  32 orc wizards
  Terence (D:3)
  16 iguanas
  14 worker ants
  23 sheep
  A hound skeleton (D:11)
  A howler monkey skeleton (D:5)
  8 gnolls
  21 adders
  52 river rats
  3 shadow imps
  An adder zombie (D:7)
  2 adder skeletons
  22 worms
  A dart slug (D:2)
  4 giant geckos
  145 orcs
  3 bats
  7 giant cockroaches
  7 hobgoblins
  3 jackals (D:10)
  7 quokkas
  2 giant gecko zombies
  4 giant newts
  5 goblins
  A goblin zombie (D:3)
  11 kobolds
  5 rats
901 creatures vanquished.

Vanquished Creatures (collateral kills)
  2 hydras
  A hungry ghost (D:13)
  A warg (Orc:1)
  A porcupine (Lair:7)
  2 orc warriors (Orc:1)
  An eye of draining (D:13)
  2 necrophages (Lair:7)
  A giant frog (Lair:7)
  2 killer bees (D:13)
  2 orcs
15 creatures vanquished.

Vanquished Creatures (others)
  An orc wizard (Orc:1)
  An orc (Orc:1)
  13 fungi
  13 plants
28 creatures vanquished.

Grand Total: 944 creatures vanquished

Notes
Turn   | Place    | Note
--------------------------------------------------------------
     0 | D:1      | deorigin the Demonspawn Gladiator began the quest for the Orb.
     0 | D:1      | Reached XP level 1. HP: 16/16 MP: 1/1
   374 | D:1      | Gained mutation: You regenerate a little health from kills. [demonic ancestry]
   374 | D:1      | Reached XP level 2. HP: 20/22 MP: 2/2
   822 | D:2      | Reached XP level 3. HP: 22/27 MP: 3/3
   893 | D:2      | Found a faded altar to an unknown god.
  1320 | D:2      | Gained mutation: You have large cloven feet. [demonic ancestry]
  1320 | D:2      | Reached XP level 4. HP: 33/33 MP: 4/4
  1390 | D:3      | Noticed Terence
  1401 | D:3      | Killed Terence
  1481 | D:3      | Gained mutation: You have hoof-like feet. [demonic ancestry]
  1481 | D:3      | Reached XP level 5. HP: 23/38 MP: 5/5
  1552 | D:3      | Reached skill level 5 in Staves
  1833 | D:3      | Found a runed door.
  1833 | D:3      | Noticed a human
  1855 | D:3      | Found a basalt altar of Yredelemnul.
  2044 | D:4      | Reached XP level 6. HP: 19/44 MP: 6/6
  2125 | D:4      | HP: 2/44 [quokka (2)]
  2598 | D:4      | Gained mutation: You regenerate health from kills. [demonic ancestry]
  2598 | D:4      | Reached XP level 7. HP: 50/50 MP: 7/7
  2918 | D:4      | Found a blossoming altar of Fedhas.
  2918 | D:4      | Found a white marble altar of Elyvilon.
  2959 | D:5      | Entered Level 5 of the Dungeon
  3435 | D:5      | Found Caxum's Magic Scroll Boutique.
  3466 | D:5      | Bought a scroll of identify for 28 gold pieces
  3525 | D:5      | Bought a scroll of identify for 28 gold pieces
  3525 | D:5      | Bought a scroll of enchant weapon for 105 gold pieces
  3525 | D:5      | Bought a scroll of fear for 49 gold pieces
  3525 | D:5      | Bought a scroll of remove curse for 42 gold pieces
  3749 | D:6      | Noticed Prince Ribbit
  3928 | D:6      | Noticed Menkaure
  3938 | D:6      | Killed Menkaure
  3938 | D:6      | Gained mutation: You are partially covered in slimy green scales (AC +2). [demonic ancestry]
  3938 | D:6      | Reached XP level 8. HP: 12/56 MP: 8/8
  4415 | D:6      | Found a staircase to the Ecumenical Temple.
  4510 | Temple   | Entered the Ecumenical Temple
  4684 | Temple   | Became a worshipper of Makhleb the Destroyer
  4685 | Temple   | Upgraded the game from 0.18.1-5-g4a78601 to 0.18.1-6-gd335043
  4903 | D:6      | Found a shadowy altar of Dithmenos.
  4905 | D:6      | Noticed Dowan
  4906 | D:6      | Noticed Duvessa
  5208 | D:7      | Reached skill level 1 in Armour
  5284 | D:7      | Reached skill level 10 in Staves
  5880 | D:7      | Reached XP level 9. HP: 44/61 MP: 7/9
  5886 | D:7      | Got a scorched quarterstaff
  5887 | D:7      | Identified the +5 quarterstaff "Newtbane" {venom, rPois rC+ rN+} (You found it on level 7 of the Dungeon)
  5980 | D:7      | Reached * piety under Makhleb
  6697 | D:8      | You fall through a shaft!
  6860 | D:8      | Found a staircase to the Lair.
  6979 | D:8      | Found a glowing silver altar of Zin.
  6980 | D:8      | Found an iron altar of Okawaru.
  6980 | D:8      | Found a shimmering altar of Xom.
  6980 | D:8      | Found a sparkling altar of Nemelex Xobeh.
  6984 | D:8      | Found a bloodstained altar of Trog.
  7023 | D:9      | Noticed Grum
  7029 | D:8      | Reached ** piety under Makhleb
  7029 | D:8      | Reached skill level 5 in Armour
  7054 | D:9      | Killed Grum
  7083 | D:9      | Found Nag Soe's General Store.
  7086 | D:9      | Bought a scroll of identify for 24 gold pieces
  7086 | D:9      | Bought a +0 blowgun for 30 gold pieces
  7610 | D:9      | Found a sacrificial altar of Ru.
  7632 | D:9      | Reached XP level 10. HP: 61/67 MP: 10/10
  7750 | D:10     | Entered Level 10 of the Dungeon
  7992 | D:10     | Reached *** piety under Makhleb
  8229 | D:10     | Noticed a gargoyle
  8250 | D:10     | Killed a gargoyle
  8757 | Lair:1   | Entered Level 1 of the Lair of Beasts
  8790 | Lair:1   | Noticed a seven-headed hydra
  8885 | D:6      | Killed Prince Ribbit
  8927 | D:6      | Killed Duvessa
  8941 | D:6      | Killed Dowan
  8982 | D:6      | Reached **** piety under Makhleb
  9635 | D:11     | Noticed a skeletal warrior
  9635 | D:11     | Noticed a skeletal warrior
  9635 | D:11     | Noticed a skeletal warrior
  9635 | D:11     | Noticed a skeletal warrior
 10492 | Lair:1   | Noticed a spiny frog
 10504 | Lair:1   | Killed a spiny frog
 10711 | Lair:2   | Gained mutation: You regenerate a lot of health from kills. [demonic ancestry]
 10711 | Lair:2   | Reached XP level 11. HP: 30/78 MP: 1/11
 10867 | Lair:2   | Reached skill level 5 in Fighting
 11747 | Lair:3   | Reached ***** piety under Makhleb
 13075 | Lair:4   | Identified a scroll of acquirement
 13232 | Lair:4   | Found a staircase to the Swamp.
 14009 | Lair:5   | Reached XP level 12. HP: 83/96 MP: 10/12
 14020 | Lair:5   | Found a staircase to the Snake Pit.
 14078 | Lair:5   | Reached ****** piety under Makhleb
 14128 | Lair:5   | Noticed an eight-headed hydra
 14139 | Lair:5   | Killed an eight-headed hydra
 14139 | Lair:5   | Reached skill level 3 in Invocations
 14224 | Lair:5   | Reached skill level 4 in Invocations
 14396 | Lair:5   | Reached skill level 5 in Invocations
 14723 | Lair:6   | Reached skill level 6 in Invocations
 14750 | Lair:6   | Reached skill level 7 in Invocations
 14769 | Lair:6   | Noticed a death yak
 14770 | Lair:6   | Noticed a death yak
 14770 | Lair:6   | Noticed a death yak
 14770 | Lair:6   | Noticed a death yak
 14771 | Lair:6   | Noticed a death yak
 14789 | Lair:5   | Killed a death yak
 14789 | Lair:5   | Reached skill level 8 in Invocations
 14921 | Lair:6   | Reached skill level 9 in Invocations
 14976 | Lair:6   | Killed a death yak
 14986 | Lair:6   | Killed a death yak
 14986 | Lair:6   | Reached skill level 10 in Invocations
 14991 | Lair:6   | Killed a death yak
 15001 | Lair:6   | Killed a death yak
 15001 | Lair:6   | Reached skill level 11 in Invocations
 15057 | Lair:6   | Got a brightly glowing leather armour
 15477 | Lair:6   | Noticed a seven-headed hydra
 15490 | Lair:6   | Killed an eight-headed hydra
 15783 | Lair:7   | Reached skill level 12 in Invocations
 15915 | Lair:7   | Gained mutation: You are mostly covered in slimy green scales (AC +3). [demonic ancestry]
 15915 | Lair:7   | Reached XP level 13. HP: 95/103 MP: 22/22
 15997 | Lair:7   | Identified the +0 leather armour of the Eagle {rElec rC+} (You found it on level 6 of the Lair of Beasts)
 16339 | Lair:7   | Reached skill level 13 in Invocations
 16374 | Lair:7   | Reached skill level 14 in Invocations
 16598 | Lair:8   | Entered Level 8 of the Lair of Beasts
 16781 | Lair:8   | Found a viscous altar of Jiyva.
 16781 | Lair:8   | Found a staircase to the Slime Pits.
 16850 | Lair:8   | Got a translucent brass amulet
 16898 | Lair:8   | Gained mutation: Your mind is acute. (Int +2) [potion of beneficial mutation]
 16899 | Lair:8   | Gained mutation: You have hooves in place of feet. [potion of beneficial mutation]
 16942 | Lair:8   | Reached skill level 15 in Invocations
 17112 | Lair:8   | Reached skill level 16 in Invocations
 17742 | Lair:8   | Found a runed door.
 17803 | Lair:8   | Paralysed by a wasp for 1 turns
 17979 | Lair:8   | Reached XP level 14. HP: 96/109 MP: 13/26
 17997 | Lair:8   | Identified the amulet of Ompize Kunay {Harm *Drain +Inv Slay+5} (You found it on level 8 of the Lair of Beasts)
 18726 | D:11     | Noticed Nergalle
 19106 | D:11     | Noticed Erolcha
 19116 | D:11     | Killed Erolcha
 19134 | D:11     | Reached skill level 10 in Armour
 19156 | D:11     | Noticed Snorg
 19169 | D:11     | Killed Snorg
 19282 | D:11     | Noticed Maud
 19295 | D:11     | Killed Maud
 19315 | D:11     | Noticed Josephine
 19322 | D:11     | Killed Josephine
 19461 | D:12     | Found a staircase to the Orcish Mines.
 19520 | Orc:1    | Entered Level 1 of the Orcish Mines
 19889 | Orc:2    | Entered Level 2 of the Orcish Mines
 19889 | Orc:2    | Noticed a stone giant
 19904 | Orc:2    | Killed a stone giant
 19999 | Orc:2    | Found a roughly hewn altar of Beogh.
 20011 | Orc:2    | Noticed an orc warlord
 20017 | Orc:2    | Found a staircase to the Elven Halls.
 20025 | Orc:1    | Noticed an orc warlord
 20225 | Orc:2    | Found a roughly hewn altar of Beogh.
 20331 | Orc:1    | Killed an orc warlord
 20488 | Orc:2    | Found a roughly hewn altar of Beogh.
 20490 | Orc:2    | Found Jetoredd's Antique Weapon Shop.
 20498 | Orc:2    | Bought a runed lajatang for 390 gold pieces
 20576 | Orc:2    | Found a roughly hewn altar of Beogh.
 20602 | Orc:2    | Found Yzui's Distillery.
 20611 | Orc:2    | Bought a potion of curing for 39 gold pieces
 20611 | Orc:2    | Bought a potion of agility for 52 gold pieces
 20611 | Orc:2    | Bought a potion of heal wounds for 65 gold pieces
 20611 | Orc:2    | Bought a potion of invisibility for 104 gold pieces
 20666 | Orc:2    | Noticed an orc warlord
 20810 | Orc:1    | Killed an orc warlord
 20967 | Orc:2    | Found a roughly hewn altar of Beogh.
 21049 | Orc:2    | Found Ocezad's Antique Weapon Emporium.
 21049 | Orc:2    | Found a roughly hewn altar of Beogh.
 21060 | Orc:2    | Found Lesixait's Antique Armour Shoppe.
 21147 | Orc:2    | Found a roughly hewn altar of Beogh.
 21203 | Orc:2    | Found a roughly hewn altar of Beogh.
 21258 | Orc:2    | Found a roughly hewn altar of Beogh.
 21428 | Orc:2    | Killed an orc warlord
 21808 | Orc:2    | Bought the +3 crown of Dyrovepreva {rElec Int+2 SInv} for 1449 gold pieces
 21911 | D:12     | Found a corrupted altar of Lugonu.
 21924 | D:12     | Reached XP level 15. HP: 115/115 MP: 20/27
 22567 | D:12     | Found Nogov's Distillery.
 22573 | D:12     | Bought 2 potions of might for 120 gold pieces
 22783 | D:13     | Found a frozen archway.
 22863 | IceCv    | Entered an ice cave
 23204 | IceCv    | Got a coiled bone ring
 23220 | IceCv    | Identified the ring "Ilept" {rC+ rN+ MR+} (You found it in an ice cave)
 23953 | D:14     | Found a gate to the Vaults.
 24025 | D:14     | Found a flagged portal.
 24033 | D:14     | Noticed Roxanne
 24049 | D:14     | Killed from afar by Roxanne

Skill      XL: |  1  2  3  4  5  6  7  8  9 10 11 12 13 14 15 |
---------------+----------------------------------------------+-----
Staves         | 3 4 5 7 8 10 11 12 13 14 | 14.0
Dodging        | 3 |  3.2
Armour         | 2 6 7 8 13 14 | 14.8
Fighting       | 4 9 |  9.9
Invocations    | 12 16 | 16.4
Throwing       | |  1.7
Stealth        | |  0.8

Action                   |  1- 3 |  4- 6 |  7- 9 | 10-12 | 13-15 || total
-------------------------+-------+-------+-------+-------+-------++-------
Melee: Quarterstaff      |    79 |   184 |   509 |   849 |       ||  1621
       Kick              |       |    57 |   159 |   372 |   623 ||  1211
       Lajatang          |       |       |       |   108 |  1742 ||  1850
Throw: Throwing net      |       |     1 |     3 |       |       ||     4
       Javelin           |       |       |     3 |       |       ||     3
Invok: Lesser Servant of |       |       |       |     5 |     6 ||    11
       Greater Servant o |       |       |       |       |     1 ||     1
Evoke: Wand              |       |       |       |       |     1 ||     1
  Use: Scroll            |       |       |    12 |    25 |    11 ||    48
       Potion            |       |       |     1 |     3 |    10 ||    14
 Stab: Sleeping          |     5 |     5 |     1 |     1 |       ||    12
       Held in net/web   |       |     2 |       |       |       ||     2
       Distracted        |       |       |     1 |     1 |     2 ||     4
       Fleeing           |       |       |     1 |       |       ||     1
  Eat: Chunk             |     1 |     4 |    13 |    21 |    25 ||    64
       Fruit             |       |       |     5 |     5 |       ||    10
       Beef jerky        |       |       |       |     1 |     2 ||     3
       Meat ration       |       |       |       |     1 |       ||     1
       Pizza             |       |       |       |       |     1 ||     1
Armor: Leather armour    |    24 |     2 |       |       |       ||    26
       Ring mail         |       |    69 |    40 |       |       ||   109
       Chain mail        |       |       |   193 |    15 |       ||   208
       Scale mail        |       |       |       |   119 |       ||   119
       Plate armour      |       |       |       |   420 |       ||   420
       Crystal plate arm |       |       |       |    69 |  2049 ||  2118
Dodge: Dodged            |    52 |   157 |   216 |   305 |   336 ||  1066
Block: Other             |       |       |       |       |    45 ||    45
       Reflection        |       |       |       |       |     7 ||     7
